 Dungeon Crawl Stone Soup version 0.19-a0-1937-g70ed36a (webtiles) character file.

3374 HEYYEYAAE the Basher (level 9, -1/97 HPs)
             Began as a Troll Berserker on Oct 26, 2016.
             Was an Elder of Trog.
             Slain by an unseen horror (4 damage)
             ... on level 8 of the Dungeon.
             The game lasted 00:07:27 (5633 turns).

HEYYEYAAE the Basher (Troll Berserker)              Turns: 5633, Time: 00:07:28

Health: -1/97      AC: 16    Str: 30    XL:     9   Next: 74%
Magic:  9/9        EV: 10    Int:  1    God:    Trog [****..]
Gold:   391        SH:  0    Dex:  9    Spells: 0 memorised, 8 levels left

rFire  . . .     SeeInvis .     e - +2 spear (freeze)
rCold  + . .     Gourm    +     v - +1 ice dragon scales
rNeg   . . .     Faith    .     (no shield)
rPois  +         Spirit   .     (helmet restricted)
rElec  +         Reflect  .     h - +0 cloak
rCorr  .         Harm     +     (gloves unavailable)
MR     ++...                    (boots unavailable)
Stlth  ..........               H - amulet of harm
                                Q - ring of fire
                                F - ring "Yxaewk" {rElec rPois}

@: marked, very slightly contaminated, regenerating, hasted, very quick
A: unfitting armour, claws 3, horns 1, dopey 1, fast metabolism 3, gourmand,
regeneration 1, robust 1, shaggy fur 1, tough skin 2
a: Berserk, Trog's Hand, Brothers in Arms, Burn Spellbooks, Renounce Religion


You were on level 8 of the Dungeon.
You worshipped Trog.
Trog was greatly pleased with you.
You were very full.

You visited 1 branch of the dungeon, and saw 8 of its levels.

You collected 391 gold pieces.

Inventory:

Hand Weapons
 a - a +0 mace
 e - a +2 spear of freezing (weapon)
 o - a +0 dagger of venom
 t - a +0 rapier of distortion
 z - a +2 dagger of draining
 B - a +0 giant club
Armour
 b - a +0 animal skin
 h - a +0 cloak (worn)
 v - +1 ice dragon scales (worn)
Jewellery
 u - an uncursed amulet of magic regeneration
 E - an uncursed ring of ice
 F - the ring "Yxaewk" (left claw) {rElec rPois}
   (You found it on level 4 of the Dungeon)

   [ring of poison resistance]

   It insulates you from electricity.
   It protects you from poison.
 H - an amulet of harm (around neck)
 O - an uncursed amulet of faith {unknown}
 Q - a ring of fire (right claw)
Wands
 m - a wand of digging (11/24)
 q - a wand of paralysis (4/24)
Scrolls
 i - 2 scrolls of remove curse
 k - 4 scrolls of fog
 x - 4 scrolls of amnesia
 y - a scroll of enchant weapon
 C - a scroll of enchant armour
 D - a scroll of immolation
 J - a scroll of noise {unknown}
 L - a scroll of torment {unknown}
 N - 2 scrolls of blinking {unknown}
Potions
 d - 2 potions of cancellation
 f - a potion of agility
 n - 2 potions of berserk rage
 s - a potion of magic
 A - a potion of mutation
 G - a potion of invisibility {unknown}
 I - a potion of flight {unknown}
 K - a potion of brilliance {unknown}
 P - a potion of cure mutation {unknown}
 U - a potion of curing {unknown}
Books
 R - a book of Misfortune

   Spells                             Type                      Level
   a - Confusing Touch                Hexes                        1
   b - Confuse                        Hexes                        3
   c - Gell's Gravitas                Hexes/Translocation          3
   d - Petrify                        Transmutation/Earth          4
   e - Metabolic Englaciation         Hexes/Ice                    5
   f - Yara's Violent Unravelling     Hexes/Transmutation          5
   Trog disapproves of the use of such an item.
 S - a book of Maledictions

   Spells                             Type                      Level
   a - Corona                         Hexes                        1
   b - Ensorcelled Hibernation        Hexes/Ice                    2
   c - Confuse                        Hexes                        3
   d - Tukima's Dance                 Hexes                        3
   e - Dazzling Spray                 Conjuration/Hexes            3
   Trog disapproves of the use of such an item.
Comestibles
 c - 6 bread rations
 g - 2 beef jerkies
 j - 2 meat rations
 w - a royal jelly
 M - a fruit


   Skills:
 + Level 5.9 Fighting
 * Level 8.3 Maces & Flails
 + Level 4.9 Armour
 + Level 5.4 Dodging
 + Level 1.6 Evocations


You had 8 spell levels left.
You didn't know any spells.

Dungeon Overview and Level Annotations

Branches:
Dungeon (8/15)             Temple (0/1) D:7            Lair (0/6) D:8

Altars:
Ashenzari
Cheibriados
Elyvilon
Gozag
Makhleb
Qazlal
Ru
Xom
The Shining One

Shops:
D:7 [


Innate Abilities, Weirdness & Mutations

You are too large for most types of armour.
You have claws for hands.
Your metabolism is lightning-fast.
You like to eat raw meat.
Your natural rate of healing is unusually fast.
You are covered in fur. (AC +1)
You have very tough skin. (AC +2)
You have a pair of small horns on your head.
You are dopey. (Int -2)
You are robust. (+10% HP)


Message History

Unknown command.
It was a potion of heal wounds.
You feel much better. Something hits you.
* * * LOW HITPOINT WARNING * * *
Something hits you but does no damage. The bullfrog misses you.
A howler monkey comes into view.
As you read the scroll labeled NAAMME LADOH, it crumbles to dust.
It is a scroll of enchant armour.
Your +0 ice dragon scales glows green for a moment.
Something hits you but does no damage. x2
Unknown command.
As you read the scroll labeled WAXOLURRICO, it crumbles to dust.
The creatures around you are filled with an inner flame!
It was a scroll of immolation.
Something hits you but does no damage.
The orc priest mumbles some strange prayers to Beogh against you.
Beogh smites you!
* * * LOW HITPOINT WARNING * * *
The bullfrog hits you.
* * * LOW HITPOINT WARNING * * *
Something hits you.
You die...

#.##..# ##.....#
#...#..< ##..#.##
###########.#.##
#............(##
#.##########(...
#########y#####......%..
.ooooSF@{h..........)>.§
#########...............
#............≈≈.
#......#..≈≈≈≈.≈
#........≈§≈..≈≈
#........§≈.>.≈≈
#......#.≈§..≈≈≈
##......#.§§≈§≈≈.
#.........§≈≈§§..


You could see a hornet, a bullfrog (inner flame), a howler monkey (inner flame),
an orc priest (inner flame), an adder (inner flame) and 3 orcs.

Vanquished Creatures
  Pikel (D:5)
  Sigmund (D:4)
  2 hell hounds (D:8)
  A water moccasin (D:8)
  An orc warrior (D:7)
  2 phantoms
  A sky beast (D:7)
  2 ogres
  3 centaurs
  The ghost of CcS the Caller, an amateur DESu (D:3)
  Blork the orc (D:6)
  5 bullfrogs
  A scorpion (D:5)
  5 killer bees (D:8)
  3 crimson imps
  3 orc priests
  A gnoll shaman (D:6)
  2 hounds
  2 jellies
  2 iguanas (D:4)
  5 worker ants
  6 orc wizards
  A hound skeleton (D:7)
  3 gnolls (D:6)
  9 adders
  A howler monkey skeleton (D:7)
  2 shadow imps
  An adder zombie (D:5)
  2 adder skeletons
  6 worms
  2 dart slugs
  3 leopard geckos
  26 orcs
  3 giant cockroaches
  6 goblins
  9 hobgoblins
  11 jackals
  6 kobolds
  2 quokkas
  5 bats
  3 frilled lizards
  A jackal skeleton (D:6)
  2 leopard gecko skeletons
  A quokka skeleton (D:4)
  4 rats
160 creatures vanquished.

Vanquished Creatures (others)
  A slave (D:5)
  An adder (D:5)
  An orc (D:5)
  2 plants (D:8)
5 creatures vanquished.

Grand Total: 165 creatures vanquished

Notes
Turn   | Place    | Note
-------+----------+-------------------------------------------
     0 | D:1      | HEYYEYAAE the Troll Berserker began the quest for the Orb.
     0 | D:1      | Reached XP level 1. HP: 22/22 MP: 0/0
   548 | D:1      | Reached skill level 3 in Maces & Flails
   548 | D:1      | Reached XP level 2. HP: 26/29 MP: 1/1
   811 | D:2      | Found a stormy altar of Qazlal.
   822 | D:2      | Found an opulent altar of Gozag.
   825 | D:2      | Reached ** piety under Trog
   825 | D:2      | Reached XP level 3. HP: 36/36 MP: 2/2
  1392 | D:3      | Reached XP level 4. HP: 45/45 MP: 3/3
  1525 | D:3      | Reached skill level 1 in Armour
  1577 | D:3      | Noticed a bullfrog
  1586 | D:3      | Killed a bullfrog
  1586 | D:3      | Reached XP level 5. HP: 53/53 MP: 4/4
  1594 | D:3      | Noticed CcS's ghost (amateur DESu)
  1602 | D:3      | Killed CcS's ghost
  1602 | D:3      | Reached skill level 4 in Maces & Flails
  1673 | D:3      | Noticed an ogre
  1684 | D:3      | Killed an ogre
  1684 | D:3      | Reached XP level 6. HP: 35/61 MP: 5/5
  1827 | D:3      | Reached *** piety under Trog
  1858 | D:4      | Found a glowing golden altar of the Shining One.
  2207 | D:4      | Found a snail-covered altar of Cheibriados.
  2222 | D:4      | Reached skill level 5 in Maces & Flails
  2222 | D:4      | Reached XP level 7. HP: 64/68 MP: 6/6
  2224 | D:4      | Noticed Sigmund
  2250 | D:4      | Killed Sigmund
  2291 | D:4      | Got a slimy ivory ring
  2314 | D:4      | Identified the ring "Yxaewk" {rElec rPois} (You found it on level 4 of the Dungeon)
  2752 | D:5      | Entered Level 5 of the Dungeon
  2798 | D:5      | Found a shattered altar of Ashenzari.
  2846 | D:5      | Noticed Pikel
  2878 | D:5      | Killed Pikel
  2878 | D:5      | Reached skill level 6 in Maces & Flails
  2878 | D:5      | Reached XP level 8. HP: 79/79 MP: 7/7
  3685 | D:6      | Found a white marble altar of Elyvilon.
  3724 | D:6      | Found a burning altar of Makhleb.
  3729 | D:6      | Noticed Blork the orc
  3743 | D:6      | Killed Blork the orc
  3743 | D:6      | Reached skill level 5 in Fighting
  3847 | D:6      | Reached skill level 7 in Maces & Flails
  3946 | D:6      | Reached **** piety under Trog
  4168 | D:6      | Found a shimmering altar of Xom.
  4204 | D:7      | Found Isuate's Antique Armour Boutique.
  4292 | D:7      | Found a staircase to the Ecumenical Temple.
  4457 | D:7      | Reached XP level 9. HP: 88/88 MP: 8/8
  4471 | D:7      | Reached skill level 5 in Dodging
  4833 | D:7      | Found Pukloum's General Store.
  5375 | D:8      | Reached skill level 1 in Evocations
  5414 | D:8      | Found a sacrificial altar of Ru.
  5423 | D:8      | Reached skill level 8 in Maces & Flails
  5457 | D:8      | Found a staircase to the Lair.
  5627 | D:8      | Gained mutation: You are dopey. (Int -2) [potion of mutation]
  5627 | D:8      | Gained mutation: You have a pair of small horns on your head. [potion of mutation]
  5627 | D:8      | Gained mutation: You are robust. (+10% HP) [potion of mutation]
  5630 | D:8      | HP: 4/97 [orc priest/divine providence (14)]
  5633 | D:8      | Slain by an unseen horror

Vault maps used:
D:1:      dpeg_arrival_pits, serial_forest, infiniplex_forest_clump_cross,
          infiniplex_forest_fountain, infiniplex_forest_clump_cross,
          infiniplex_forest_diagonal, infiniplex_forest_fountain,
          infiniplex_forest_lined_3, infiniplex_forest_straight_4,
          serial_bayou_pond_c, nrook_mini_backslash
D:2:      nicolae_qazlal_general_emergency, lemuel_round_altar
D:4:      tso_metal_star, old_standard_altar, first_bread, uniq_sigmund
D:5:      evilmike_ruin_ashenzari, uniq_pikel
D:6:      lemuel_round_altar, lemuel_round_altar, abandoned_shop,
          minmay_misc_feat_encased, elyvilon_altar_4, uniq_blork_the_orc
D:7:      serial_shops, nicolae_shop_competitors_out_of_business, shop_statue
D:8:      nicolae_ru_great_annihilating_truth, minmay_lair_entry_lava,
          hangedman_pestilent_swarm, nicolae_looking_at_the_future

Skill      XL: |  1  2  3  4  5  6  7  8  9 |
---------------+----------------------------+-----
Maces & Flails | 3 4 5 6 7 8 |  8.3
Fighting       | 3 4 5 |  5.9
Armour         | 1 2 3 4 |  4.9
Dodging        | 3 4 5 |  5.4
Evocations     | 1 |  1.6

Action                   |  1- 3 |  4- 6 |  7- 9 || total
-------------------------+-------+-------+-------++-------
Melee: Spear             |   100 |   171 |   554 ||   825
       Mace              |     4 |       |       ||     4
Invok: Berserk           |       |     1 |     5 ||     6
       Trog's Hand       |       |       |     2 ||     2
  Use: Scroll            |       |       |    14 ||    14
       Potion            |       |       |     3 ||     3
 Stab: Paralysed         |       |       |     1 ||     1
  Eat: Chunk             |    18 |     8 |    37 ||    63
Armor: Animal skin       |    20 |       |       ||    20
       Ice dragon scales |     9 |    97 |   441 ||   547
Dodge: Dodged            |    24 |    47 |   278 ||   349
